 Dungeon Crawl Stone Soup version 0.29-a0-317-gd16b76e6b1 (webtiles) character file.

Game seed: 10603620222083242467

42198 Saithnar the Unseen (level 14, 0/90 HPs)
             Began as a Kobold Brigand on Mar 31, 2022.
             Was a High Priest of Dithmenos.
             Slain by a +1 scimitar of protection (12 damage)
             ... on level 2 of the Elven Halls.
             The game lasted 00:53:13 (19577 turns).

Saithnar the Unseen (Kobold Brigand)               Turns: 19577, Time: 00:53:15

Health: 0/90       AC: 10    Str:  9    XL:     14   Next: 54%
Magic:  14/14      EV: 39    Int: 17    God:    Dithmenos [*****.]
Gold:   1457       SH:  0    Dex: 31    Spells: 13/13 levels left

rFire   . . .      SeeInvis .   a - +2 dagger (spect)
rCold   . . .      Faith    .   (no shield)
rNeg    . . .      Spirit   .   N - +3 leather armour of Gravity {Harm Will+}
rPois   .          Reflect  .   i - +0 helmet
rElec   +          Harm     +   P - +2 cloak {Stlth+}
rCorr   .          Rampage  .   (no gloves)
Will    ++...                   j - -1 pair of boots "Virotauq" {Int+4 Dex+5} Stlth ******++++
                                B - amulet of the acrobat
HPRegen 0.25/turn               U - ring "Voucaen" {rElec Dex+6}
MPRegen 0.14/turn               G - ring "Xuuf" {EV+4 Slay+2}

@: wreathed by umbra, studying Unarmed Combat
A: small, no large weapons, nightstalker 3
a: Renounce Religion, Shadow Step, Shadow Form


You were on level 2 of the Elven Halls.
You worshipped Dithmenos.
Dithmenos was extremely pleased with you.
You visited 4 branches of the dungeon, and saw 14 of its levels.
You also visited: Sewer, Ossuary and Bailey.

You collected 1646 gold pieces.
You spent 189 gold pieces at shops.

Inventory:

Hand Weapons
 a - a +2 spectral dagger (weapon)
 b - a +2 short sword of electrocution
 c - a +2 dagger of venom
 k - a +4 vorpal trident
 p - a +1 lajatang of electrocution
 M - a +3 dagger
Missiles
 d - 24 poisoned darts (quivered)
 D - 333 stones
Armour
 i - a +0 helmet (worn)
 j - the -1 pair of boots "Virotauq" (worn) {Int+4 Dex+5}
   (You found it on level 1 of the Elven Halls)

   Int:       It affects your intelligence (+4).
   Dex:       It affects your dexterity (+5).
 r - a +0 pair of boots
 J - a +0 crystal plate armour
 N - the +3 leather armour of Gravity (worn) {Harm Will+}
   (You bought it in a shop on level 6 of the Dungeon)

   Harm:      It increases damage dealt and taken.
   Will:      It increases your willpower.
 P - a +2 cloak of stealth (worn)
 X - a +2 pair of boots
Jewellery
 B - an amulet of the acrobat (around neck)
 C - an amulet of magic regeneration
 E - a ring of fire
 F - an amulet of reflection
 G - the ring "Xuuf" (right hand) {EV+4 Slay+2}
   (You found it on level 2 of the Orcish Mines)

   [ring of evasion]

   EV:        It affects your evasion (+4).
   Slay:      It affects your accuracy & damage with ranged weapons and melee
   (+2).
 Q - a +6 ring of dexterity
 U - the ring "Voucaen" (left hand) {rElec Dex+6}
   (You found it on level 8 of the Dungeon)

   [ring of dexterity]

   Dex:       It affects your dexterity (+6).
   rElec:     It insulates you from electricity.
 V - a ring of willpower
Scrolls
 f - a scroll of brand weapon
 g - 3 scrolls of identify
 h - 2 scrolls of fear
 l - a scroll of holy word
 m - 2 scrolls of immolation
 q - a scroll of amnesia {unknown}
 t - a scroll of vulnerability
 u - 4 scrolls of teleportation
 x - 2 scrolls of enchant armour {unknown}
 y - 2 scrolls of magic mapping
 z - a scroll of fog {unknown}
 A - 3 scrolls of silence
 I - a scroll of blinking
 K - a scroll of enchant weapon {unknown}
 T - a scroll of noise {unknown}
Potions
 e - a potion of brilliance {unknown}
 n - 8 potions of mutation
 o - 2 potions of ambrosia
 s - 2 potions of attraction
 v - a potion of flight
 w - a potion of cancellation
 H - a potion of lignification
 S - 2 potions of resistance {unknown}
 Y - a potion of degeneration
Miscellaneous
 Z - a phial of floods


   Skills:
 + Level 11.4 Fighting
 + Level 13.4 Short Blades
 - Level 2.1 Throwing
 * Level 17.0 Dodging
 + Level 19.2 Stealth


You had 13 spell levels left.
You didn't know any spells.
Your spell library contained the following spells:

 Spells                   Type           Power      Damage    Failure   Level
 Corpse Rot               Necr/Air       0%         N/A       45%         2
 Poisonous Vapours        Pois/Air       0%         N/A       45%         2
 Static Discharge         Conj/Air       0%         N/A       45%         2
 Sublimation of Blood     Necr           0%         N/A       45%         2
 Wereblood                Tmut           0%         N/A       45%         2
 Conjure Flame            Conj/Fire      0%         6-21      69%         3
 Ignite Poison            Fire/Tmut/Pois 0%         N/A       69%         3
 Dispel Undead            Necr           0%         3d6       97%         4
 Petrify                  Tmut/Erth      0%         N/A       97%         4
 Sticky Flame             Conj/Fire      0%         2d3       97%         4
 Summon Ice Beast         Ice/Summ       0%         N/A       97%         4
 Irradiate                Conj/Tmut      0%         3d13      100%        5
 Summon Mana Viper        Hex/Summ       0%         N/A       100%        5
 Death Channel            Necr           0%         N/A       100%        6
 Starburst                Conj/Fire      0%         6d3       100%        6
 Dragon Form              Tmut           0%         N/A       100%        7
 Monstrous Menagerie      Summ           0%         N/A       100%        7
 Summon Hydra             Summ           0%         N/A       100%        7


Dungeon Overview and Level Annotations

Branches:
Dungeon (9/15)             Temple (1/1) D:6             Orc (2/2) D:9
    Elf (2/3) Orc:2         Sewer (visited)         Ossuary (visited)
 Bailey (visited)
   Lair: D:8-11

Altars:
Ashenzari
Cheibriados
Dithmenos
Elyvilon
Fedhas
Gozag
Hepliaklqana
Kikubaaqudgha
Makhleb
Nemelex Xobeh
Okawaru
Qazlal
Ru
Sif Muna
Trog
Uskayaw
Vehumet
Xom
Zin
The Shining One
Beogh

Shops:
D:6 :(=*   D:8 =   Orc:2 *=((


Innate Abilities, Weirdness & Mutations

You are small and have problems with some larger weapons.
You are completely attuned to the shadows.


Message History

You miss the +1 scimitar of protection.
The +1 scimitar of protection is moderately damaged.
Your +2 spectral dagger barely misses the +1 scimitar of protection.
You hit the +1 scimitar of protection.
The +1 scimitar of protection is heavily damaged.
Your +2 spectral dagger barely misses the +1 scimitar of protection.
The +1 scimitar of protection misses you.
You puncture the +1 scimitar of protection!
The +1 scimitar of protection is almost destroyed.
Your +2 spectral dagger hits the +1 scimitar of protection but does no damage.
The +1 scimitar of protection completely misses your +2 spectral dagger.
You hit the +1 scimitar of protection but do no damage.
The +1 scimitar of protection is almost destroyed.
Your +2 spectral dagger hits the +1 scimitar of protection but does no damage.
The +1 scimitar of protection completely misses you.
You barely miss the +1 scimitar of protection.
The +1 scimitar of protection is severely damaged.
Your +2 spectral dagger completely misses the +1 scimitar of protection.
The +1 scimitar of protection misses you.
You hit the +1 scimitar of protection but do no damage.
The +1 scimitar of protection is severely damaged.
Your shadow hits the +1 scimitar of protection but does no damage.
Your +2 spectral dagger closely misses the +1 scimitar of protection.
You completely miss the +1 scimitar of protection.
The +1 scimitar of protection is severely damaged.
Your +2 spectral dagger misses the +1 scimitar of protection.
The +1 scimitar of protection completely misses you.
You miss the +1 scimitar of protection.
The +1 scimitar of protection is severely damaged.
Your +2 spectral dagger misses the +1 scimitar of protection.
The +1 scimitar of protection hits you!
* * * LOW HITPOINT WARNING * * *
The deep elf pyromancer closely misses you.
You closely miss the +1 scimitar of protection.
The +1 scimitar of protection is severely damaged.
Your shadow hits the +1 scimitar of protection with a dagger.
Your +2 spectral dagger hits the +1 scimitar of protection but does no damage.
The +1 scimitar of protection hits your +2 spectral dagger!!
Your spectral weapon shares its damage with you!
You die...

.......................
........................
#.....................e..
.#.#.......##......##.##..
.#.#......###.#....# ...
E#.#.#...## #....# #..
#......### #....### #..
.###.###### #......###..
#.# ##@## ........####
#.###e((# .....#..####
#.##.##.....# ###....>....
.....#....)..# ##.#..###.
#.###.)....... #.#..# #. .
##....... ##....# #.
##.....#.###.#.### #.
..>...<.....#.# #.
...<.....#..#.# #.


You could see a deep elf pyromancer, a +1 scimitar of protection (distracted,
ally target) and a friendly +2 spectral dagger (summoned).

Vanquished Creatures
  The ghost of Ajdolov the Warrior, an adept DjEE of Ashenzari (Orc:2)
  Agnes (Elf:2)
  A deep elf sorcerer (Elf:2)
  A deep elf death mage (Elf:1)
  A boulder beetle (Orc:1)
  2 peacekeepers (Elf:1)
  A hydra (D:8)
  2 two-headed ogres
  2 centaur warriors
  7 dancing weapons
  A tengu warrior (D:8)
  A deep elf knight (Elf:1)
  Nergalle (Orc:1)
  2 deep elf archers
  24 deep elf pyromancers
  3 orc knights (Orc:2)
  12 deep elf zephyrmancers (Elf:1)
  The ghost of p0werm0de the Skirmisher, a novice DsMo (D:5)
  The ghost of Saithnar the Stinger, a novice GnVM of Sif Muna (D:4)
  A troll (D:7)
  Grinder (D:5)
  Sigmund (D:5)
  An air elemental (Elf:2)
  4 water elementals
  3 fire elementals
  A wraith (D:9)
  3 steam dragons
  A warg (Orc:2)
  A water moccasin (D:7)
  3 black bears
  28 orc warriors
  An ice beast (D:6)
  2 sky beasts
  2 ogres
  10 centaurs
  A necrophage (D:5)
  3 bullfrogs
  4 kobold brigands
  A gnoll sergeant (D:8)
  2 scorpions
  An earth elemental (Elf:1)
  19 wights
  4 howler monkeys
  9 hounds
  A jelly (D:6)
  11 orc priests
  Crazy Yiuf (D:6)
  3 iguanas (D:5)
  Ijyb (D:5)
  13 orc wizards
  4 mummies
  10 gnolls
  6 river rats (Sewer)
  10 adders
  3 shadow imps
  4 ufetubi
  4 adder zombies (Ossuary)
  2 dart slugs
  75 orcs
  14 ball pythons
  9 endoplasms
  10 giant cockroaches
  2 gnoll zombies (Ossuary)
  14 goblins
  7 hobgoblins
  21 kobolds
  9 quokkas
  4 bats
  4 frilled lizards
  2 goblin zombies (Ossuary)
  2 hobgoblin zombies (Ossuary)
  6 quokka zombies (Ossuary)
  22 rats
  2 rat zombies (Ossuary)
448 creatures vanquished.

Vanquished Creatures (others)
  A deep elf knight (Elf:1)
  A deep elf archer (Elf:1)
  An orc (Orc:2)
  3 fungi (D:6)
6 creatures vanquished.

Grand Total: 454 creatures vanquished

Notes
Turn   | Place    | Note
-------+----------+-------------------------------------------
     0 | D:1      | Saithnar the Kobold Brigand began the quest for the Orb.
     0 | D:1      | Reached XP level 1. HP: 12/12 MP: 1/1
   300 | D:1      | Reached XP level 2. HP: 18/18 MP: 2/2
   407 | D:1      | Reached XP level 3. HP: 17/22 MP: 3/3
   903 | D:1      | Reached skill level 6 in Stealth
  1111 | D:1      | Got the Almanac of Transmutation and Flames
  1262 | D:1      | Reached XP level 4. HP: 27/27 MP: 4/4
  1616 | D:2      | Found a shimmering altar of Xom.
  2753 | D:3      | Found a stormy altar of Qazlal.
  2802 | D:3      | Reached XP level 5. HP: 32/32 MP: 5/5
  2976 | D:3      | Found an ancient bone altar of Kikubaaqudgha.
  3489 | D:4      | Reached skill level 7 in Stealth
  3489 | D:4      | Reached XP level 6. HP: 37/37 MP: 6/6
  3521 | D:4      | Found a sand-covered staircase.
  3527 | Ossuary  | Entered an ossuary
  4552 | D:4      | Found a hazy altar of Hepliaklqana.
  4748 | D:5      | Entered Level 5 of the Dungeon
  4758 | D:5      | Reached XP level 7. HP: 41/41 MP: 7/7
  4787 | D:5      | Reached skill level 5 in Dodging
  4787 | D:5      | Reached skill level 8 in Stealth
  4929 | D:5      | Found a glowing drain.
  4934 | Sewer    | Entered a sewer
  5215 | Sewer    | Reached skill level 5 in Short Blades
  5215 | Sewer    | Reached XP level 8. HP: 28/48 MP: 8/8
  5410 | Sewer    | Reached skill level 9 in Stealth
  5577 | D:5      | Noticed Grinder
  5644 | D:5      | Paralysed by Grinder for 2 turns
  5656 | D:5      | Paralysed by Grinder for 2 turns
  5662 | D:5      | Paralysed by Grinder for 6 turns
  5679 | D:5      | Killed Grinder
  5907 | D:5      | Found a runed translucent gate.
  5908 | D:5      | Found a runed translucent gate.
  5909 | D:5      | Found a runed translucent gate.
  5914 | D:5      | Noticed Saithnar's ghost (novice GnVM)
  5914 | D:5      | Noticed p0werm0de's ghost (novice DsMo)
  5971 | D:4      | Killed Saithnar's ghost
  5972 | D:4      | Reached skill level 10 in Stealth
  6072 | D:5      | Killed p0werm0de's ghost
  6073 | D:5      | Reached skill level 5 in Fighting
  6073 | D:5      | Reached XP level 9. HP: 6/54 MP: 9/9
  6935 | D:5      | Noticed Ijyb
  6939 | D:5      | Killed Ijyb
  6953 | D:5      | Noticed Sigmund
  6957 | D:5      | Killed Sigmund
  6958 | D:5      | Reached skill level 11 in Stealth
  7626 | D:6      | Found Ehyced's Assorted Antiques.
  7633 | D:6      | Bought a fading leather armour for 189 gold pieces
  7633 | D:6      | Identified the +3 leather armour of Gravity {Harm Will+}
                  | (You bought it in a shop on level 6 of the Dungeon)
  7666 | D:6      | Found Xemm's Jewellery Shop.
  7780 | D:6      | Found a staircase to the Ecumenical Temple.
  7829 | Temple   | Entered the Ecumenical Temple
  7913 | Temple   | Became a worshipper of Dithmenos the Shadowed
  8190 | D:6      | Found a runed translucent door.
  8193 | D:6      | Noticed Crazy Yiuf
  8203 | D:6      | Killed Crazy Yiuf
  8294 | D:6      | Reached XP level 10. HP: 60/60 MP: 10/10
  8314 | D:6      | Reached skill level 12 in Stealth
  8390 | D:6      | Found Sadoatri's Book Emporium.
  8403 | D:6      | Found Guitt's Weapon Emporium.
  8571 | D:7      | Found a broken altar of Ashenzari.
  8696 | D:7      | Reached skill level 10 in Dodging
  8925 | D:7      | Found a flagged portal.
  8931 | Bailey   | Entered a bailey
  8943 | Bailey   | Reached * piety under Dithmenos
  9435 | D:7      | Found a runed translucent door.
  9502 | D:7      | Reached skill level 13 in Stealth
  9645 | D:7      | Reached ** piety under Dithmenos
  9750 | D:7      | Found a snail-covered altar of Cheibriados.
 10435 | D:8      | Found Saypalae's Jewellery Shoppe.
 10454 | D:8      | Found a white marble altar of Elyvilon.
 10639 | D:8      | Found a sparkling altar of Nemelex Xobeh.
 10733 | D:8      | Found a sacrificial altar of Ru.
 10866 | D:8      | Noticed a deep elf pyromancer
 10866 | D:8      | Noticed a deep elf pyromancer
 10879 | D:8      | Killed a deep elf pyromancer
 10880 | D:8      | Reached XP level 11. HP: 34/67 MP: 11/11
 11071 | D:8      | Killed a deep elf pyromancer
 11072 | D:8      | Reached skill level 14 in Stealth
 11243 | D:8      | Noticed a centaur warrior
 11244 | D:8      | Noticed a cyclops
 11285 | D:8      | Killed a centaur warrior
 11285 | D:8      | Reached *** piety under Dithmenos
 11604 | D:8      | Noticed a deep elf pyromancer
 11604 | D:8      | Noticed a seven-headed hydra
 11608 | D:8      | Killed a deep elf pyromancer
 11610 | D:8      | Killed a seven-headed hydra
 11613 | D:8      | Identified the ring "Voucaen" {rElec Dex+6}
 11669 | D:8      | Noticed a tengu warrior
 11670 | D:8      | Noticed a two-headed ogre
 11672 | D:8      | Killed a two-headed ogre
 11673 | D:8      | Killed a tengu warrior
 11674 | D:8      | Reached skill level 15 in Stealth
 12189 | D:9      | Found a burning altar of Makhleb.
 12329 | D:9      | Noticed a two-headed ogre
 12348 | D:9      | Killed a two-headed ogre
 12524 | D:9      | Found a staircase to the Orcish Mines.
 12530 | Orc:1    | Entered Level 1 of the Orcish Mines
 12672 | Orc:2    | Entered Level 2 of the Orcish Mines
 12696 | Orc:2    | Noticed an orc knight
 12715 | Orc:2    | Killed an orc knight
 12716 | Orc:2    | Reached skill level 10 in Short Blades
 12728 | Orc:2    | Reached XP level 12. HP: 68/75 MP: 12/12
 12784 | Orc:2    | Found a staircase to the Elven Halls.
 12790 | Elf:1    | Entered Level 1 of the Elven Halls
 13073 | Orc:2    | Found a runed translucent gate.
 13073 | Orc:2    | Found a runed translucent gate.
 13073 | Orc:2    | Found a runed translucent gate.
 13274 | Orc:1    | Noticed a boulder beetle
 13329 | Orc:1    | Killed a boulder beetle
 13333 | Orc:1    | Noticed Nergalle
 13361 | Orc:1    | Killed Nergalle
 13362 | Orc:1    | Reached skill level 16 in Stealth
 14027 | Orc:2    | Reached **** piety under Dithmenos
 14375 | Orc:2    | Noticed a centaur warrior
 14377 | Orc:2    | Killed a centaur warrior
 15555 | Orc:2    | Found Wadiy's Weapon Shoppe.
 15555 | Orc:2    | Found Limoiwk's Jewellery Shop.
 15555 | Orc:2    | Found Nuifric's Assorted Antiques.
 15556 | Orc:2    | Found Ramu's Weapon Emporium.
 15766 | Orc:2    | Noticed Ajdolov's ghost (adept DjEE)
 15767 | Orc:2    | Identified the ring "Xuuf" {EV+4 Slay+2}
 15770 | Orc:2    | Killed Ajdolov's ghost
 15771 | Orc:2    | Reached skill level 17 in Stealth
 16586 | Elf:1    | Reached XP level 13. HP: 65/80 MP: 13/13
 16994 | Elf:1    | Noticed a peacekeeper
 17005 | Elf:1    | Killed a peacekeeper
 17019 | Elf:1    | Noticed a peacekeeper
 17023 | Elf:1    | Killed a peacekeeper
 17024 | Elf:1    | Reached skill level 18 in Stealth
 17080 | Elf:1    | Reached skill level 10 in Fighting
 17143 | Elf:1    | Reached skill level 15 in Dodging
 18332 | Elf:1    | Identified the -1 pair of boots "Virotauq" {Int+4 Dex+5}
 18373 | Elf:1    | Reached ***** piety under Dithmenos
 18389 | Elf:1    | Reached XP level 14. HP: 88/88 MP: 14/14
 18959 | Elf:2    | Noticed Agnes
 18959 | Elf:2    | Noticed a deep elf sorcerer
 18964 | Elf:2    | Killed a deep elf sorcerer
 18966 | Elf:2    | Killed Agnes
 18967 | Elf:2    | Reached skill level 19 in Stealth
 19535 | Elf:2    | Paralysed by an air elemental for 1 turns
 19577 | Elf:2    | Slain by a +1 scimitar of protection

Illustrated notes

Levels and vault maps discovered:
D:1:      nzn_arrival_crosshair, layout_loops_ring,
          nicolae_concentric_dashed_squares_wild, st_stairs_12,
          dk_noncrumbling_4, kennysheep_doodads, minmay_tetromino_i4
D:2:      layout_loops_corners, basic_altar, minmay_goblin_outpost
D:3:      layout_basic, mainiacjoe_overflow_cross_hatched, grunt_qazlal_clouds
D:4:      layout_rooms, worldfamousw_hep_ancestral_shrine,
          lightli_ossuary_entry_decrepit_ruins
D:5:      layout_loops_ring, gammafunk_ghost_cemetery, gup_sewer_entry_spiral,
          uniq_sigmund, uniq_ijyb, uniq_grinder
D:6:      layout_cave_pools, temple_pool_b, serial_shops,
          nicolae_lakefront_shop, shop, nicolae_diamond_shop,
          kennysheep_little_box, uniq_crazy_yiuf_cottage
D:7:      layout_basic, evilmike_ruin_ashenzari, slow_altar_1, enter_bailey_2,
          lightli_church_of_beogh
D:8:      minmay_tri_box, layout_gridville, nicolae_ru_the_path_less_chosen,
          nemelex_diamond_rough_becter, elyvilon_altar_5, serial_shops,
          nicolae_shop_behind_doors, minmay_misc_feat_cross,
          minmay_misc_feat_diagonals
D:9:      layout_gridville, mainiacjoe_overflow_boulevard, orc_0_dummy,
          serial_shops, shop
Temple:   minmay_temple_curvy_loop
Orc:1:    layout_diamond_mine, rock_pile, uniq_nergalle
Orc:2:    st_orc_rangers, layout_diamond_mine, ebering_ghost_rock_garden
Elf:1:    layout_loops_corners, portal_desolation_entry_twin_temple,
          hangedman_elven_crosses_minicolossus
Elf:2:    elven_hall_of_blades_hangedman_alternative [mumra_blade_entry_dagger],
          layout_loops_cross, uniq_agnes

Skill      XL: |  1  2  3  4  5  6  7  8  9 10 11 12 13 14 |
---------------+-------------------------------------------+-----
Dodging        | 2 3 4 5 7 9 11 12 14 15 17 | 17.0
Short Blades   | 3 4 5 6 7 8 10 11 12 13 | 13.4
Stealth        | 6 7 8 10 11 13 15 17 18 19 | 19.2
Fighting       | 3 4 5 6 7 8 9 10 11 | 11.4
Throwing       | |  2.1

Action                   |  1- 3 |  4- 6 |  7- 9 | 10-12 | 13-15 || total
-------------------------+-------+-------+-------+-------+-------++-------
Melee: Dagger            |    71 |   169 |   318 |   728 |   283 ||  1569
       Punch             |       |     2 |     2 |    14 |     2 ||    20
Throw: Dart              |       |     6 |    10 |    17 |     9 ||    42
Invok: Shadow Step       |       |       |       |     1 |       ||     1
  Use: Scroll            |       |    11 |     5 |     5 |     1 ||    22
       Potion            |       |     4 |     2 |     7 |     1 ||    14
 Stab: Sleeping          |    20 |    27 |    40 |    41 |    22 ||   150
       Distracted        |     1 |     1 |     4 |    27 |    10 ||    43
       Invisible         |       |       |       |     3 |       ||     3
Armor: Robe              |    10 |       |       |       |       ||    10
       Leather armour    |       |    13 |    24 |    59 |    23 ||   119
       Crystal plate arm |       |       |    23 |       |       ||    23
Dodge: Dodged            |    30 |    90 |   136 |   692 |   230 ||  1178

Table legend: (Time is in decaauts)
 A = Elapsed time spent in this place.
 B = Non-inter-level travel time spent in this place.
 C = Inter-level travel time spent in this place.
 D = Time resting spent in this place.
 E = Time spent auto-exploring this place.
 F = Levels seen in this place.
 G = Mean time per level.
                   A        B        C        D        E       F      G
               +--------+--------+--------+--------+--------+-----+--------+
         Total |  19018 |  18349 |    669 |   4201 |  10305 |  17 | 1118.7 |
       Dungeon |  11173 |  10648 |    525 |   1260 |   7296 |   9 | 1241.4 |
        Temple |    204 |    203 |      1 |      0 |    153 |   1 |  204.0 |
  Orcish Mines |   3851 |   3758 |     93 |   1803 |   1440 |   2 | 1925.5 |
   Elven Halls |   2867 |   2818 |     49 |    952 |   1017 |   2 | 1433.5 |
         Sewer |    573 |    573 |      0 |      0 |    396 |   1 |  573.0 |
       Ossuary |    326 |    326 |      0 |    185 |      0 |   1 |  326.0 |
        Bailey |     21 |     21 |      0 |      0 |      2 |   1 |   21.0 |
               +--------+--------+--------+--------+--------+-----+--------+

Top non-repeatable levels by time:
   Orc:2: 2657 daAuts
   Elf:1: 2622 daAuts
     D:5: 1862 daAuts
     D:7: 1748 daAuts
     D:8: 1574 daAuts
     D:1: 1361 daAuts
   Orc:1: 1193 daAuts
     D:6: 1119 daAuts
     D:2: 1103 daAuts
     D:4: 980 daAuts
     D:3: 964 daAuts
   Sewer: 573 daAuts
     D:9: 458 daAuts
 Ossuary: 326 daAuts
   Elf:2: 244 daAuts
